AoeStats
← KEX

Black Forest

503800832Analyzed
2v2 RM · 1mo ago on Sep 2, 2026· 60m 24s· 4 players
Game mode
Random Map
Map size
Medium (4 player)
Population
200
Speed
Normal
Resources
Standard
Victory
Conquest
Starting age
Dark Age
Ending age
Imperial Age
RankedLock teamsTeams togetherTeam positionsShared explorationLock speedFull tech treeHidden civsTurbo modeCheats
Victory
Defeat
🇹🇷 Chinese · Türkiye
824
+11
🇭🇺 Khmer · Hungary
649
+19
🇵🇱 Japanese · Poland
708
-16
🇧🇦 Vietnamese · Bosnia & Herzegovina
706
-15
KEX
13:18 Feudal Age
14:04 Fishing Lines
15:29 Double-Bit Axe
15:26 Horse Collar
20:38 Wheelbarrow
19:48 Town Watch
24:51 Castle Age
23:07 Stone Mining
23:11 Gold Mining
26:20 Scale Mail Armor
26:28 Scale Barding Armor
27:05 Gillnets
27:20 Caravan
27:51 Coinage
28:54 Town Patrol
29:09 Hand Cart
31:09 Loom
31:59 Bow Saw
32:57 Gold Shaft Mining
32:28 Heavy Plow
35:46 Imperial Age
36:10 Elite Samurai
37:28 Forging
37:38 Chain Barding Armor
37:33 Chain Mail Armor
37:08 Fletching
37:18 Padded Archer Armor
37:08 Fletching
37:48 Heavy Cavalry Archer
38:54 Parthian Tactics
39:54 Chemistry
39:18 Ballistics
39:22 Masonry
40:19 Conscription
42:57 Man-at-Arms
42:57 Pikeman
43:22 Gambesons
43:22 Arson
43:38 Squires
44:09 Treadmill Crane
44:34 Halberdier
44:35 Long Swordsman
51:35 Iron Casting
51:31 Plate Mail Armor
50:56 Bodkin Arrow
51:16 Leather Archer Armor
53:17 Light Cavalry
54:07 Bloodlines
Kava
12:51 Feudal Age
14:09 Wheelbarrow
13:22 Town Watch
13:21 Horse Collar
13:29 Double-Bit Axe
16:07 Gold Mining
16:08 Stone Mining
25:05 Castle Age
23:26 Forging
25:13 Fletching
25:30 Scale Mail Armor
25:32 Padded Archer Armor
28:22 Elite Skirmisher
29:09 Thumb Ring
28:30 Pikeman
29:56 Bodkin Arrow
32:03 Stone Shaft Mining
31:41 Bow Saw
31:35 Heavy Plow
32:28 Squires
34:34 Chatras
34:59 Hand Cart
36:35 Caravan
40:51 Husbandry
41:04 Bloodlines
47:18 Scale Barding Armor
47:51 Iron Casting
51:06 Imperial Age
48:38 Town Patrol
51:20 Ballistics
52:26 Paper Money
53:16 Guilds
54:14 Chemistry
54:21 Chatras
53:54 Halberdier
55:05 Imperial Skirmisher
55:16 Crossbowman
57:07 Crop Rotation
57:40 Two-Man Saw
56:49 Bracer
57:08 Loom
57:09 Arbalester
60:08 Hoardings
zombiekiller7
0:43 Loom
10:17 Feudal Age
10:51 Double-Bit Axe
11:43 Wheelbarrow
17:36 Castle Age
24:03 Hand Cart
24:15 Horse Collar
25:01 Gold Mining
25:53 Bow Saw
27:28 Caravan
29:05 Gold Shaft Mining
28:25 Stone Mining
28:44 Heavy Plow
30:20 Ballistics
31:12 Stone Shaft Mining
31:11 Murder Holes
31:26 Fortified Wall
32:41 Fletching
32:51 Padded Archer Armor
33:02 Forging
32:52 Scale Mail Armor
32:58 Scale Barding Armor
32:48 Town Watch
33:51 Masonry
36:27 Imperial Age
34:01 Bodkin Arrow
34:21 Leather Archer Armor
35:19 Great Wall
37:40 Coinage
37:14 Town Patrol
36:41 Elite Chu Ko Nu
37:42 Rocketry
37:42 Conscription
37:51 Conscription
37:52 Rocketry
38:25 Architecture
38:55 Chemistry
39:21 Two-Man Saw
38:48 Sappers
41:31 Bombard Tower
42:43 Ring Archer Armor
42:13 Bracer
42:48 Iron Casting
42:29 Chain Mail Armor
42:20 Scale Barding Armor
41:43 Man-at-Arms
41:44 Pikeman
42:25 Squires
42:10 Arson
41:46 Elite Fire Lancer
42:10 Capped Ram
42:11 Heavy Rocket Cart
43:12 Siege Ram
43:12 Heavy Scorpion
45:13 Halberdier
45:43 Crossbowman
46:28 Thumb Ring
45:44 Elite Skirmisher
47:49 Long Swordsman
Kanye Best
0:33 Loom
13:51 Feudal Age
14:48 Double-Bit Axe
14:45 Horse Collar
21:25 Castle Age
20:11 Fletching
21:50 Gold Mining
21:52 Stone Mining
24:18 Stone Shaft Mining
23:46 Heavy Plow
25:09 Bow Saw
26:06 Bodkin Arrow
28:09 Caravan
28:56 Bloodlines
29:40 Fortified Wall
29:40 Padded Archer Armor
36:03 Imperial Age
34:35 Leather Archer Armor
34:23 Murder Holes
35:19 Gold Shaft Mining
36:57 Ballistics
37:11 Conscription
38:41 Chemistry
38:43 Crop Rotation
39:10 Double Crossbow
39:12 Town Watch
39:42 Bracer
40:17 Guard Tower
40:19 Cavalier
45:27 Ring Archer Armor
47:58 Parthian Tactics
47:04 Elite Ballista Elephant
48:31 Wheelbarrow
53:54 Keep
55:38 Crossbowman
Connection lost

Rejoining the realm…

Still unreachable

The connection could not be restored.

Session expired

The server has moved on; the page needs a fresh start.